 Dungeon Crawl Stone Soup version 0.28.0-1-gb440e238dd (webtiles) character file.

Game seed: 8716552539354696295

50 issech the Cudgeller (level 3, -2/36 HPs)
             Began as a Troll Monk on Feb 19, 2022.
             Slain by an ogre (18 damage)
             ... on level 2 of the Dungeon.
             The game lasted 00:05:23 (1324 turns).

issech the Cudgeller (Troll Monk)                   Turns: 1324, Time: 00:05:23

Health: -2/36      AC:  4    Str: 19    XL:     3   Next: 55%
Magic:  2/2        EV: 10    Int:  6    God:
Gold:   52         SH:  0    Dex: 14    Spells: 2/2 levels left

rFire   . . .      SeeInvis .   a - +0 mace
rCold   . . .      Faith    .   (no shield)
rNeg    . . .      Spirit   .   b - +0 robe
rPois   .          Reflect  .   (helmet restricted)
rElec   .          Harm     .   (no cloak)
rCorr   .          Rampage  .   (gloves unavailable)
Will    .....                   (boots unavailable)
Stlth   ++........              (no amulet)
HPRegen 0.92/turn               (no ring)
MPRegen 0.08/turn               (no ring)

@: no status effects
A: large, unfitting armour, claws 3, regeneration 1, shaggy fur 1, tough skin 1
a: no special abilities


You were on level 2 of the Dungeon.
You visited 1 branch of the dungeon, and saw 2 of its levels.

You collected 52 gold pieces.

Inventory:

Hand Weapons
 a - a +0 mace (weapon)
 n - a +2 dagger of electrocution
Missiles
 c - 33 arrows
 f - 35 stones (quivered)
 j - 4 curare-tipped darts
Armour
 b - a +0 robe (worn)
Scrolls
 d - a scroll of teleportation {unknown}
 h - a scroll of noise {unknown}
 k - 2 scrolls of immolation {unknown}
 m - a scroll of magic mapping {unknown}
Potions
 e - a potion of lignification {unknown}
 g - a potion of degeneration {unknown}
 i - a potion of curing {unknown}
 l - a potion of magic {unknown}


   Skills:
 + Level 2.7 Fighting
 + Level 3.3 Maces & Flails
 + Level 2.8 Dodging
 + Level 1.1 Stealth


You had 2 spell levels left.
You didn't know any spells.
Your spell library was empty.

Dungeon Overview and Level Annotations

Branches:
Dungeon (2/15)

Altars:

Shops:
D:1 (   D:2 !


Innate Abilities, Weirdness & Mutations

You are too large for most types of armour.
You have claws for hands.
Your natural rate of healing is unusually fast.
You are covered in fur. (AC +1)
You have tough skin. (AC +1)


Message History

The ogre is lightly wounded.
Throw: 39 stones
Press: ? - help, Q - select action, (/) - cycle Shift-Dir - straight line, f/p - worm
Aim: a worm (severely wounded, 78% to hit)
You throw a stone.
The stone hits the worm but does no damage.
The worm is severely wounded.
Throw: 38 stones
Press: ? - help, Q - select action, (/) - cycle Shift-Dir - straight line, f/p - worm
Aim: a worm (severely wounded, 78% to hit)
You throw a stone.
The stone hits the worm but does no damage.
The worm is severely wounded.
Throw: 37 stones
Press: ? - help, Q - select action, (/) - cycle Shift-Dir - straight line, f/p - worm
Aim: a worm (heavily wounded, 78% to hit)
You throw a stone. The stone hits the ogre.
The ogre is lightly wounded.
The ogre hits you with a +0 giant spiked club!!
Ouch! That really hurt!
There is a large open door here.
There is a large open door here.
There is a large open door here.
There is a large open door here.
Found a stone staircase leading down.
You see here a stone.
The ogre hits you with a +0 giant spiked club.
There is an escape hatch in the ceiling here.
Throw: 36 stones
Press: ? - help, Q - select action, (/) - cycle Shift-Dir - straight line, f - ogre
Aim: an ogre, wielding a +0 giant spiked club (74% to hit)
You throw a stone. The stone hits the ogre.
The ogre is lightly wounded.
You sock the ogre!
The ogre is moderately wounded.
The ogre hits you with a +0 giant spiked club!!
Ouch! That really hurt!
The ogre hits you with a +0 giant spiked club!!
Ouch! That really hurt!
You die...

............g.....#.#.#.##.#.#...
..........#######.#.#.#.##.#.#...
........>.<...g..............#...
......##..#######(#.#.#.##.#.#.g.
########..# #.#.#.#.##.#..... #
#..# #.#.#<#.##.##.... ###### #..#
#g#.###.##.##.... .....#
#..#######O#.#....#.###... .....#
#..#.....@.#.#.#..#.# #..# .....#
#..#.#######.#.#..#.# #..# .....#
#..#.#.....#.#.####.# #... .....#
#..#.#.###.#.#....#.# #...
########..#.#<..#.#.####.#.# #...
..................#.# #.#.# #...
#...#######.#..####.####.#+###...
'.............รท.............##...
#...###.....................###.#


You could see an ogre and a goblin.

Vanquished Creatures
  3 dart slugs (D:1)
  2 ball pythons
  4 bats (D:1)
  8 endoplasms
  A giant cockroach (D:1)
  3 goblins
  4 hobgoblins (D:2)
  3 jackals (D:1)
  4 kobolds (D:1)
  2 quokkas (D:1)
  3 rats
37 creatures vanquished.

Notes
Turn   | Place    | Note
-------+----------+-------------------------------------------
     0 | D:1      | issech the Troll Monk began the quest for the Orb.
     0 | D:1      | Reached XP level 1. HP: 22/22 MP: 0/0
   132 | D:1      | Reached XP level 2. HP: 21/29 MP: 1/1
   180 | D:1      | Reached skill level 3 in Maces & Flails
   244 | D:1      | Found a faded altar of an unknown god.
   363 | D:1      | Found Pobol's Weapon Emporium.
   437 | D:1      | Reached XP level 3. HP: 36/36 MP: 2/2
  1157 | D:2      | Noticed an ogre
  1159 | D:2      | Found Guschivvi's Distillery.
  1324 | D:2      | Slain by an ogre

Illustrated notes

Levels and vault maps discovered:
D:1:      dpeg_chamrin_arrival_tetris, layout_basic, serial_shops,
          nicolae_shop_bloodbath_and_beyond, hellmonk_ecumenical_altar_lost_god
D:2:      layout_basic, serial_shops, shop_coins, uniq_robin, uniq_terence

Skill      XL: |  1  2 |
---------------+-------+-----
Maces & Flails | 3 |  3.3
Fighting       | |  2.7
Dodging        | |  2.8
Stealth        | |  1.1

Action                   || total
-------------------------++-------
Melee: Mace              ||   130
       Punch             ||     4
Throw: Stone             ||     5
 Stab: Sleeping          ||     2
Armor: Robe              ||    58
Dodge: Dodged            ||    90
